 Dungeon Crawl Stone Soup version 0.28.0-53-g5a82cb258f (webtiles) character file.

Game seed: 17628317911278652090

798 TheAraber1 the Gusty (level 7, -4/53 HPs)
             Began as a Demonspawn Hedge Wizard on July 6, 2022.
             Slain by a howler monkey (5 damage)
             ... on level 6 of the Dungeon.
             The game lasted 00:33:46 (6101 turns).

TheAraber1 the Gusty (Demonspawn Hedge Wizard)      Turns: 6101, Time: 00:33:46

Health: -4/53      AC: -5    Str: 22    XL:     7   Next: 58%
Magic:  6/13       EV: 28    Int: 17    God:
Gold:   97         SH:  4    Dex: 13    Spells: 5/14 levels left

rFire   . . .      SeeInvis .   q - +4 dagger
rCold   . . .      Faith    .   (no shield)
rNeg    . . .      Spirit   .   b - +0 robe
rPois   .          Reflect  .   i - +0 helmet
rElec   .          Harm     .   s - scarf {shadows}
rCorr   .          Rampage  .   (no gloves)
Will    .....                   (no boots)
Stlth   ++........              j - amulet of the acrobat
HPRegen 0.17/turn               y - +6 ring of strength
MPRegen 0.26/turn               n - +6 ring of strength

@: corroded, acrobatic, very slightly contaminated
A: magic regeneration, sturdy frame 2, condensation shield
a: no special abilities


You were on level 6 of the Dungeon.
You visited 1 branch of the dungeon, and saw 6 of its levels.

You collected 236 gold pieces.
You spent 139 gold pieces at shops.

Inventory:

Hand Weapons
 a - a +0 dagger
 k - the +5 hand axe of the Wraith {holy, rElec rN+ Str+2}
   (You found it on level 2 of the Dungeon)

   It has been blessed by the Shining One to cause great damage to the undead
   and demons.
   Str:       It affects your strength (+2).
   rElec:     It insulates you from electricity.
   rN:        It protects you from negative energy.
 p - a +0 rapier
 q - a +4 dagger (weapon)
Armour
 b - a +0 robe (worn)
 c - a +0 hat
 i - a +0 helmet (worn)
 s - a scarf of shadows (worn)
 w - a +0 chain mail
Jewellery
 g - a ring of see invisible
 j - an amulet of the acrobat (around neck)
 n - a +6 ring of strength (right hand)
 y - a +6 ring of strength (left hand)
Wands
 D - a wand of paralysis (3)
Scrolls
 f - a scroll of holy word {unknown}
 h - 2 scrolls of teleportation {unknown}
 l - 2 scrolls of torment {unknown}
 m - 2 scrolls of blinking {unknown}
 o - a scroll of fog {unknown}
 r - 4 scrolls of identify {unknown}
 u - 2 scrolls of magic mapping {unknown}
Potions
 d - 2 potions of degeneration {unknown}
 e - a potion of resistance {unknown}
 t - a potion of cancellation {unknown}
 v - 2 potions of ambrosia {unknown}
 x - a potion of invisibility {unknown}
 z - a potion of brilliance {unknown}
 A - a potion of lignification {unknown}
 B - a potion of curing
 C - 2 potions of magic {unknown}


   Skills:
 + Level 3.7 Fighting
 + Level 3.9 Dodging
 - Level 1.7 Stealth
 + Level 4.1 Spellcasting
 - Level 1.6 Conjurations
 - Level 2.4 Summonings
 - Level 0.8 Translocations
 * Level 4.2 Air Magic


You had 5 spell levels left.
You knew the following spells:

 Your Spells              Type           Power      Damage    Failure   Level
a - Magic Dart            Conj           36%        1d4       8%          1
b - Call Imp              Summ           11%        N/A       9%          2
c - Blink                 Tloc           12%        N/A       17%         2
d - Summon Lightning Spi  Summ/Air       14%        N/A       36%         4

Your spell library contained the following spells:

 Spells                   Type           Power      Damage    Failure   Level
 Slow                     Hex            12%        N/A       16%         1
 Mephitic Cloud           Conj/Pois/Air  10%        N/A       22%         3
 Scorch                   Fire           6%         2d5       24%         2
 Conjure Flame            Conj/Fire      6%         6-21      32%         3
 Flame Wave               Conj/Fire      6%         2d5       73%         4
 Summon Cactus Giant      Summ           5%         N/A       100%        6
 Storm Form               Tmut/Air       5%         N/A       100%        7
 Maxwell's Capacitive Co  Air            8%         ∞         100%        8


Dungeon Overview and Level Annotations

Branches:
Dungeon (7/15)
 Temple: D:4-7

Altars:
Okawaru
Ru

Shops:
D:4 *

Annotations:
D:4 Eustachio


Innate Abilities, Weirdness & Mutations

You regenerate magic rapidly.
Your movements are less encumbered by armour. (ER -4)
A meltable shield of frost defends you. (SH +4)


Message History

Found 2 scrolls labelled KUES LARGHO.
The orc shouts!
Casting: Blink (safe; 17% risk of failure)
Confirm with . or Enter, or press ? or * to list all spells.
A metallic apparition takes form in the air.
Casting: Call Imp (safe; 9% risk of failure)
Confirm with . or Enter, or press ? or * to list all spells.
Aiming: Magic Dart (safe; 8% risk of failure)
Press: ? - help, Shift-Dir - straight line, f/p - jelly
Aim: a jelly (severely wounded, 100% to hit)
You miscast Magic Dart.
You are very lightly contaminated with residual magic.
Nothing appears to happen.
You block the jelly's attack.
Casting: Magic Dart (safe; 8% risk of failure)
Confirm with . or Enter, or press ? or * to list all spells.
Aiming: Magic Dart (safe; 8% risk of failure)
Press: ? - help, Shift-Dir - straight line, f/p - jelly
Aim: a jelly (severely wounded, 100% to hit)
The magic dart hits the jelly.
The jelly is almost dead.
The jelly closely misses you.
Casting: Magic Dart (safe; 8% risk of failure)
Confirm with . or Enter, or press ? or * to list all spells.
Aiming: Magic Dart (safe; 8% risk of failure)
Press: ? - help, Shift-Dir - straight line, f/p - jelly
Aim: a jelly (almost dead, 100% to hit)
The magic dart hits the jelly.
You kill the jelly!
You block the orc's attack. The howler monkey barely misses you.
The bullfrog skeleton hits you.
* * * LOW HITPOINT WARNING * * *
Your iron imp misses the orc.
Casting: Magic Dart (safe; 8% risk of failure)
Confirm with . or Enter, or press ? or * to list all spells.
Okay, then.
You feel stable enough to blink again. The orc barely misses you.
The bullfrog skeleton hits you!
* * * LOW HITPOINT WARNING * * *
The howler monkey hits you.
You die...

#..# #..# ....
##..### ..... ##.....
..... ##.....##
#..:..
##.....Z.######......
#.....@h.............
+.....5o....>........
#.........####...##.#
##........# .......
##.?...#.# #.#.#####
##...##.# #. .# ##+##
.. .. .# #. ##


You could see a howler monkey, an orc (ally target), a bullfrog skeleton and a
friendly iron imp (summoned).

Vanquished Creatures
  A necrophage (D:4)
  A bullfrog (D:7)
  A scorpion (D:4)
  A water moccasin skeleton (D:7)
  A bullfrog zombie (D:6)
  A centaur zombie (D:7)
  A hound (D:4)
  A jelly (D:6)
  An orc priest (D:7)
  An iguana (D:4)
  2 orc wizards
  2 adders
  4 dart slugs
  8 orcs
  2 bats
  8 endoplasms
  4 giant cockroaches
  4 goblins
  4 hobgoblins
  3 jackals
  A quokka (D:4)
  6 ball pythons
  2 frilled lizards (D:1)
  3 kobolds
63 creatures vanquished.

Vanquished Creatures (collateral kills)
  Sigmund (D:4)
  A water moccasin zombie (D:3)
  An adder (D:2)
  2 orcs (D:7)
  A ball python (D:4)
  A kobold (D:4)
7 creatures vanquished.

Vanquished Creatures (others)
  A plant (D:7)
1 creature vanquished.

Grand Total: 71 creatures vanquished

Notes
Turn   | Place    | Note
-------+----------+-------------------------------------------
     0 | D:1      | TheAraber1 the Demonspawn Hedge Wizard began the quest for
                  | the Orb.
     0 | D:1      | Reached XP level 1. HP: 13/13 MP: 4/4
   437 | D:1      | Found a faded altar of an unknown god.
   447 | D:1      | Gained mutation: A meltable shield of frost defends you.
                  | (SH +4) [demonic ancestry]
   447 | D:1      | Reached XP level 2. HP: 19/20 MP: 3/6
   726 | D:1      | Learned a level 2 spell: Call Imp
   729 | D:1      | Learned a level 2 spell: Blink
  1449 | D:2      | Reached skill level 1 in Fighting
  1512 | D:2      | Reached XP level 3. HP: 26/26 MP: 4/7
  1683 | D:2      | Identified the +5 hand axe of the Wraith {holy, rElec rN+
                  | Str+2}
  2182 | D:3      | Gained mutation: Your movements are slightly less
                  | encumbered by armour. (ER -2) [demonic ancestry]
  2182 | D:3      | Reached XP level 4. HP: 25/32 MP: 1/8
  2252 | D:3      | Learned a level 4 spell: Summon Lightning Spire
  2632 | D:3      | Reached skill level 1 in Air Magic
  2632 | D:3      | Gained mutation: Your movements are less encumbered by
                  | armour. (ER -4) [demonic ancestry]
  2632 | D:3      | Reached XP level 5. HP: 6/38 MP: 2/9
  4077 | D:4      | Found Wavoh's Assorted Antiques.
  4082 | D:4      | Noticed Sigmund
  4126 | D:4      | Killed Sigmund
  4127 | D:4      | Gained mutation: You regenerate magic rapidly. [demonic
                  | ancestry]
  4127 | D:4      | Reached XP level 6. HP: 14/46 MP: 0/11
  4394 | D:4      | Noticed Eustachio
  4986 | D:4      | Found a large runed translucent door.
  4986 | D:4      | Found a large runed translucent door.
  5042 | D:4      | Found a sacrificial altar of Ru.
  5051 | D:4      | Reached XP level 7. HP: 47/52 MP: 12/12
  5055 | D:4      | Found an iron altar of Okawaru.
  5282 | D:4      | Bought a silvery potion for 18 gold pieces
  5282 | D:4      | Bought a scroll labelled ULEM SICAF for 21 gold pieces
  5282 | D:4      | Bought a potion of curing for 63 gold pieces
  5282 | D:4      | Bought 2 lumpy coppery potions for 37 gold pieces
  5403 | D:4      | You fall into a shaft and drop 3 floors!
  6101 | D:6      | HP: 1/53 [bullfrog skeleton (7)]
  6101 | D:6      | Slain by a howler monkey

Illustrated notes

Levels and vault maps discovered:
D:1:      dpeg_arrival_arbitrary_b, layout_loops_ring,
          ebering_ecumenical_altar_box
D:2:      layout_rooms, minmay_misc_feat_square
D:3:      layout_loops_ring
D:4:      layout_basic, jmf_multi_god_temple2, kennysheep_windowed_goal,
          uniq_sigmund, uniq_eustachio
D:6:      layout_loops_corners, grunt_temple_overflow_open,
          lemuel_coloured_pillars_altar, uniq_grinder
D:7:      layout_loops_corners, nicolae_uskayaw_suspiria,
          worldfamousw_hep_ancestral_shrine, minmay_temple_entry_overgrown

Skill      XL: |  1  2  3  4  5  6  7 |
---------------+----------------------+-----
Dodging        | 2 3 |  3.9
Fighting       | 1 2 3 |  3.7
Summonings     | 2 |  2.4
Air Magic      | 1 3 4 |  4.2
Spellcasting   | 4 |  4.1
Stealth        | |  1.7
Conjurations   | |  1.6
Translocations | |  0.8

Action                   |  1- 3 |  4- 6 |  7- 9 || total
-------------------------+-------+-------+-------++-------
Melee: Dagger            |    27 |   122 |    81 ||   230
       Punch             |     1 |     2 |       ||     3
       Rapier            |     8 |     3 |       ||    11
 Cast: Magic Dart        |    38 |    21 |     7 ||    66
       Blink             |     1 |     2 |     1 ||     4
       Call Imp          |     3 |    12 |     2 ||    17
  Use: Potion            |       |     1 |       ||     1
 Stab: Sleeping          |     2 |     5 |     2 ||     9
       Distracted        |       |     1 |       ||     1
Armor: Robe              |     9 |    39 |    16 ||    64
Dodge: Dodged            |    29 |   146 |    51 ||   226
Block: Other             |     7 |    25 |    20 ||    52
